 Dungeon Sprint DCSS version 0.23-a0-393-g6e9e0f2 (webtiles) character file.

109 Garbasso the Cudgeler (level 4, 0/31 HPs)
             Began as a Gargoyle Berserker on Oct 31, 2018.
             Was a Follower of Trog.
             Killed from afar by Sigmund (4 damage)
             ... with a puff of flame
             ... in the Dungeon (Sprint I: "Red Sonja").
             The game lasted 00:01:08 (191 turns).

Garbasso the Cudgeler (Gargoyle Berserker)           Turns: 191, Time: 00:01:09

Health: 0/31       AC:  7    Str: 21    XL:     4   Next: 89%
Magic:  4/4        EV: 13    Int:  8    God:    Trog [*.....]
Gold:   0          SH:  0    Dex:  9    Spells: 3/3 levels left

rFire    . . .     SeeInvis .   a - +0 mace
rCold    . . .     Gourm    .   (no shield)
rNeg     + . .     Faith    .   l - +0 leather armour
rPois    ∞         Spirit   .   (no helmet)
rElec    +         Reflect  .   (no cloak)
rCorr    .         Harm     .   (no gloves)
MR       .....     NoTele   +   (no boots)
Stlth    +.........             (no amulet)
HPRegen  0.10/turn              (no ring)
MPRegen  0.09/turn              (no ring)

@: berserk cooldown, slowed, very slow
A: negative energy resistance 1, electricity resistance, unbreathing,
petrification resistance, rot immunity, AC +3
a: Berserk, Renounce Religion


You were in the Dungeon.
You worshipped Trog.
Trog was aware of your devotion.
You were not hungry.

You visited 1 branch

Inventory:

Hand Weapons
 a - a +0 mace (weapon)
Armour
 b - a +0 animal skin
 l - a +0 leather armour (worn)
Wands
 j - a wand of digging (8)
Scrolls
 i - a scroll of blinking
Potions
 e - a potion of heal wounds
 f - a potion of haste
 g - 2 potions of magic
 h - a potion of berserk rage
Comestibles
 c - a ration
 k - 3 chunks of flesh


   Skills:
 + Level 5.5 Fighting
 * Level 6.5 Maces & Flails
 + Level 4.9 Armour
 + Level 3.6 Dodging


You had 3 spell levels left.
You didn't know any spells.
Your spell library was empty.

Dungeon Overview and Level Annotations

Branches:
Dungeon (1/1)

Altars:

Annotations:
D Sigmund


Innate Abilities, Weirdness & Mutations

You are resistant to torment.
Your stone body is resilient. (AC +3)
You are immune to poison.
You resist negative energy. (rN+)
You are resistant to electric shocks. (rElec)
You can survive without breathing.
You are immune to petrification.
You are immune to rotting.


Message History

Sigmund is severely wounded.
Sigmund points at you and mumbles some strange words.
The magic dart hits you!
Sigmund hits you with a +1 scythe of pain.
* * * LOW HITPOINT WARNING * * *
You barely miss Sigmund.
Sigmund is severely wounded.
Sigmund gestures at you while chanting.
You are confused.
You're too confused to move!
Sigmund closely misses you.
You're too confused to move!
Sigmund barely misses you.
You bump into the stone wall.
Sigmund closely misses you.
Sigmund points at you and mumbles some strange words.
The puff of flame hits you!
* * * LOW HITPOINT WARNING * * *
There is an open door here.
You feel less confused.
Sigmund points at you and mumbles some strange words.
The puff of flame hits you!
You die...

#############
#<.#.@')@#..+
#..').#..'..#
#..#####+####
#..# #..#
#..# #⌠⌠#
####


You could see Sigmund.

Vanquished Creatures
  An ogre (D)
  Ijyb (D)
2 creatures vanquished.

Notes
Turn   | Place    | Note
-------+----------+-------------------------------------------
     0 | D        | Garbasso the Gargoyle Berserker began the quest for the
                  | Orb.
     0 | D        | Reached XP level 1. HP: 14/14 MP: 1/1
     1 | D        | Noticed Ijyb
    25 | D        | Killed Ijyb
    25 | D        | Reached skill level 4 in Maces & Flails
    25 | D        | Reached XP level 2. HP: 13/20 MP: 2/2
    25 | D        | Reached XP level 3. HP: 15/24 MP: 3/3
   129 | D        | Noticed an ogre
   135 | D        | Killed an ogre
   135 | D        | Reached skill level 5 in Fighting
   135 | D        | Reached skill level 6 in Maces & Flails
   135 | D        | Reached XP level 4. HP: 31/31 MP: 4/4
   166 | D        | Noticed Sigmund
   191 | D        | Killed from afar by Sigmund

Vault maps used:
D:        dungeon_sprint_1

Skill      XL: |  1  2  3 |
---------------+----------+-----
Fighting       | 4 5 |  5.5
Maces & Flails | 4 6 |  6.5
Armour         | 3 4 |  4.9
Dodging        | 2 3 |  3.6

Action                   |  1- 3 |  4- 6 || total
-------------------------+-------+-------++-------
Melee: Mace              |    27 |    10 ||    37
Invok: Berserk           |     1 |     1 ||     2
  Use: Potion            |       |     1 ||     1
Armor: Animal skin       |     6 |       ||     6
Dodge: Dodged            |    15 |    11 ||    26

Table legend:
 A = Non-vault XP
 B = Vault XP
 C = Vault XP percentage of total XP
 D = Non-vault monster count
 E = Vault monster count
 F = Vault count percentage of total count
                 A         B        C        D         E       F
            +---------+---------+-------+---------+---------+-------
      Total |       0 |     156 | 100.0 |       0 |       2 | 100.0
            +---------+---------+-------+---------+---------+-------
          D |       0 |     156 | 100.0 |       0 |       2 | 100.0
            +---------+---------+-------+---------+---------+-------
